 Dungeon Crawl Stone Soup version 0.28-a0-589-g333b8329f1 (webtiles) character file.

Game seed: 5061648397229860188

129 Demosthentine the Poker (level 5, -3/61 HPs)
             Began as a Merfolk Gladiator on Oct 4, 2021.
             Slain by a scorpion (8 damage)
             ... on level 3 of the Dungeon.
             The game lasted 00:03:24 (2975 turns).

Demosthentine the Poker (Merfolk Gladiator)         Turns: 2975, Time: 00:03:24

Health: -3/61      AC:  5    Str: 15    XL:     5   Next: 12%
Magic:  5/5        EV: 14    Int:  8    God:
Gold:   23         SH:  0    Dex: 15    Spells: 4/4 levels left

rFire   . . .      SeeInvis .   a - +0 trident
rCold   . . .      Faith    .   (no shield)
rNeg    . . .      Spirit   .   b - +0 leather armour
rPois   .          Reflect  .   c - +1 helmet
rElec   .          Harm     .   (no cloak)
rCorr   .          Rampage  .   (no gloves)
Will    .....                   (no boots)
Stlth   ..........              (no amulet)
HPRegen 0.20/turn               (no ring)
MPRegen 0.09/turn               (no ring)

@: berserking, very quick
A: (nimble swimmer 2), mertail
a: no special abilities


You were on level 3 of the Dungeon.
You visited 1 branch of the dungeon, and saw 4 of its levels.

You collected 35 gold pieces.
You spent 12 gold pieces at shops.

Inventory:

Hand Weapons
 a - a +0 trident (weapon)
Missiles
 d - 3 throwing nets (quivered)
Armour
 b - a +0 leather armour (worn)
 c - a +1 helmet (worn)
Wands
 e - a wand of iceblast (11)
Scrolls
 g - a scroll of magic mapping
Potions
 h - a potion of cancellation
 i - a potion of magic {unknown}


   Skills:
 + Level 3.3 Fighting
 + Level 5.6 Polearms
 - Level 2.0 Throwing
 + Level 1.4 Armour
 + Level 5.1 Dodging


You had 4 spell levels left.
You didn't know any spells.
Your spell library contained the following spells:

 Spells                   Type           Power      Damage    Failure   Level
 Tukima's Dance           Hex            0%         N/A       85%         3
 Passage of Golubria      Tloc           N/A        N/A       99%         4
 Yara's Violent Unravell  Hex/Tmut       0%         3d3       100%        5


Dungeon Overview and Level Annotations

Branches:
Dungeon (4/15)
 Temple: D:4-7

Altars:

Shops:
D:1 [[=!?   D:2 (


Innate Abilities, Weirdness & Mutations

((You are quick and stealthy near water. (Stealth+, EV+, Speed+++)))
Your lower body shifts to a powerful aquatic tail in water.


Message History

You kill the gnoll!
A gnoll comes into view. It is wielding a +0 club.
You reach to attack!
You barely miss the gnoll.
The gnoll shouts!
An iguana comes into view.
You hit the scorpion.
The scorpion is lightly wounded.
The scorpion stings you. The gnoll completely misses you.
Unknown command.
The gnoll misses you. The scorpion stings you.
You climb upwards.
There is a stone staircase leading down here.
Unknown command.
You hit the gnoll but do no damage. The scorpion stings you.
The gnoll hits you but does no damage.
You hit the gnoll.
The gnoll is moderately wounded.
The scorpion stings you but does no damage.
The gnoll hits you with a +0 whip!
* * * LOW HITPOINT WARNING * * *
A red film seems to cover your vision as you go berserk!
You feel yourself moving faster!
You feel mighty! The scorpion stings you!
* * * LOW HITPOINT WARNING * * *
The scorpion closely misses you. The gnoll hits you but does no damage.
You hit the gnoll.
The gnoll is heavily wounded.
The scorpion stings you but does no damage.
You completely miss the gnoll.
The gnoll is heavily wounded.
The gnoll misses you.
You barely miss the gnoll.
The gnoll is heavily wounded.
The scorpion stings you.
* * * LOW HITPOINT WARNING * * *
The gnoll hits you with a +0 whip.
* * * LOW HITPOINT WARNING * * *
You closely miss the gnoll.
The gnoll is heavily wounded.
The scorpion stings you!
You die...

#.#### ####.#.###.#
#.# #... .# #.# #.#
#.# #.#### #....#
####s# ##@##
#..g###############
#................#.
#...############.#.
##### ##.#. #....
#.### #. ##


You could see a scorpion and a gnoll.

Vanquished Creatures
  A hound (D:4)
  A gnoll (D:4)
  2 adders (D:2)
  2 worms (D:2)
  A dart slug (D:1)
  An orc (D:3)
  4 ball pythons
  8 bats
  3 endoplasms
  4 giant cockroaches
  3 goblins
  7 hobgoblins
  6 jackals
  6 kobolds
  3 quokkas
  3 rats
55 creatures vanquished.

Vanquished Creatures (others)
  A plant (D:3)
1 creature vanquished.

Grand Total: 56 creatures vanquished

Notes
Turn   | Place    | Note
-------+----------+-------------------------------------------
     0 | D:1      | Demosthentine the Merfolk Gladiator began the quest for the
                  | Orb.
     0 | D:1      | Reached XP level 1. HP: 16/16 MP: 1/1
   184 | D:1      | Found Symmosse's Jewellery Shop.
   245 | D:1      | Reached XP level 2. HP: 6/23 MP: 2/2
   246 | D:1      | HP: 1/23 [rat (2)]
   600 | D:1      | Found Cenimor's Antique Armour Boutique.
   903 | D:1      | Found Wonips's Distillery.
   935 | D:1      | Reached XP level 3. HP: 21/28 MP: 3/3
  1016 | D:1      | Bought a potion of degeneration for 12 gold pieces
  1044 | D:1      | Found Somiocra's Magic Scroll Shop.
  1103 | D:1      | Found Uqim's Armour Boutique.
  1426 | D:2      | Reached skill level 5 in Polearms
  1460 | D:2      | Reached skill level 1 in Armour
  1840 | D:2      | Found Xaoleuv's Weapon Shop.
  2008 | D:2      | Reached XP level 4. HP: 6/35 MP: 4/4
  2600 | D:3      | Found a faded altar of an unknown god.
  2950 | D:4      | Reached skill level 5 in Dodging
  2950 | D:4      | Reached XP level 5. HP: 30/41 MP: 5/5
  2975 | D:3      | Slain by a scorpion

Illustrated notes

Levels and vault maps discovered:
D:1:      wheals_arrival_shading, layout_loops_ring, serial_shops, shop, shop,
          shop, nicolae_shop_competitors_out_of_business, shop
D:2:      layout_rooms, serial_shops, nicolae_shop_trees
D:3:      layout_loops_ring, shapermc_ecumenical_altar_acropolis
D:4:      layout_basic

Skill      XL: |  1  2  3  4 |
---------------+-------------+-----
Polearms       | 5 |  5.6
Armour         | 1 |  1.4
Fighting       | 3 |  3.3
Dodging        | 5 |  5.1
Throwing       | |  2.0

Action                   |  1- 3 |  4- 6 || total
-------------------------+-------+-------++-------
Melee: Trident           |   179 |    64 ||   243
  Use: Scroll            |     3 |     4 ||     7
       Potion            |       |     1 ||     1
 Stab: Sleeping          |     2 |       ||     2
Armor: Leather armour    |    41 |    15 ||    56
Dodge: Dodged            |   103 |    49 ||   152

Table legend: (Time is in decaauts)
 A = Elapsed time spent in this place.
 B = Non-inter-level travel time spent in this place.
 C = Inter-level travel time spent in this place.
 D = Time resting spent in this place.
 E = Time spent auto-exploring this place.
 F = Levels seen in this place.
 G = Mean time per level.
                   A        B        C        D        E       F      G
               +--------+--------+--------+--------+--------+-----+--------+
         Total |   2985 |   2936 |     49 |    243 |   2228 |   4 |  746.2 |
       Dungeon |   2985 |   2936 |     49 |    243 |   2228 |   4 |  746.2 |
               +--------+--------+--------+--------+--------+-----+--------+

Top non-repeatable levels by time:
     D:1: 1652 daAuts
     D:2: 878 daAuts
     D:3: 420 daAuts
     D:4: 33 daAuts
